 Dungeon Crawl Stone Soup version 0.29.1-1-gd02db6906a (webtiles) character file.

Game seed: 3131183884321627036

105 tardwrangler69 the Digger (level 4, -8/27 HPs)
             Began as an Octopode Earth Elementalist on Oct 4, 2022.
             Mangled by a gnoll bouda
             ... wielding a +0 spear
              (10 damage)
             ... on level 3 of the Dungeon.
             The game lasted 00:01:36 (2505 turns).

tardwrangler69 the Digger (OpEE)                    Turns: 2505, Time: 00:01:37

Health: -8/27      AC:  1    Str:  7    XL:     4   Next: 81%
Magic:  7/9        EV: 13    Int: 19    God:
Gold:   125        SH:  0    Dex: 12    Spells: 8/9 levels left

rFire   . . .      SeeInvis .   (no weapon)
rCold   . . .      Faith    .   (no shield)
rNeg    . . .      Spirit   .   (helmet restricted)
rPois   .          Reflect  .   (no amulet)
rElec   .          Harm     .   (no ring)
rCorr   .          Rampage  .   (no ring)
Will    .....                   (no ring)
Stlth   +++.......              (no ring)
HPRegen 0.09/turn               (no ring)
MPRegen 0.11/turn               (no ring)
                                (no ring)
                                (no ring)

@: no status effects
A: almost no armour, amphibious, 8 rings, camouflage 1, gelatinous body 1,
(nimble swimmer 1), tentacles
a: no special abilities


You were on level 3 of the Dungeon.
You visited 1 branch of the dungeon, and saw 3 of its levels.

You collected 125 gold pieces.

Inventory:

Wands
 l - a wand of roots (8)
Scrolls
 b - 4 scrolls of identify {unknown}
 c - 3 scrolls of teleportation {unknown}
 d - a scroll of vulnerability {unknown}
 f - a scroll of torment {unknown}
 h - a scroll of blinking {unknown}
 i - a scroll of poison {unknown}
 m - a scroll of amnesia {unknown}
Potions
 a - 3 potions of magic
 e - a potion of flight {unknown}
 g - a potion of lignification {unknown}
 j - a potion of heal wounds {unknown}
 k - a potion of berserk rage {unknown}


   Skills:
 - Level 2.0 Dodging
 - Level 2.6 Stealth
 + Level 3.4 Spellcasting
 - Level 1.0 Transmutations
 + Level 4.3 Earth Magic


You had 8 spell levels left.
You knew the following spells:

 Your Spells              Type           Power      Damage    Failure   Level
a - Sandblast             Erth           38%        2d10      2%          1

Your spell library contained the following spells:

 Spells                   Type           Power      Damage    Failure   Level
 Passwall                 Tmut/Erth      10%        N/A       8%          2
 Beastly Appendage        Tmut           14%        N/A       10%         1
 Magic Dart               Conj           12%        1d3       14%         1
 Slow                     Hex            12%        N/A       14%         1
 Wereblood                Tmut           7%         N/A       14%         2
 Stone Arrow              Conj/Erth      22%        3d8       19%         3
 Call Imp                 Summ           3%         N/A       22%         2
 Spider Form              Tmut/Pois      5%         N/A       34%         3
 Confusing Touch          Hex            3%         N/A       41%         3
 Gell's Gravitas          Tloc           3%         N/A       41%         3
 Mephitic Cloud           Conj/Pois/Air  3%         N/A       41%         3
 Teleport Other           Tloc           3%         N/A       41%         3
 Vampiric Draining        Necr           3%         2d6       41%         3
 Petrify                  Tmut/Erth      13%        N/A       43%         4
 Dispersal                Tloc           1%         N/A       100%        6


Dungeon Overview and Level Annotations

Branches:
Dungeon (3/15)

Altars:
Hepliaklqana
The Shining One


Innate Abilities, Weirdness & Mutations

You cannot wear most types of armour.
You are amphibious.
You can wear up to eight rings at the same time.
Your skin changes colour to match your surroundings (Stealth+).
Your rubbery body absorbs attacks. (AC +1, EV +1)
((You are camouflaged when in or above water. (Stealth+)))
You have tentacles for arms and can constrict up to eight enemies at once.


Message History

Aiming: Sandblast (safe; 2% risk of failure)
Press: ? - help, Shift-Dir - straight line, f - gnoll bouda
Aim: a gnoll bouda, wielding a +0 spear, wearing a +0 leather armour and wearing a ring of ice (84% to hit)
The blast of sand hits the gnoll bouda.
The gnoll bouda is lightly wounded.
The gnoll shouts!
You hear a shout! x2
The gnoll bouda barely misses you.
The gnoll bouda hits you from afar with a +0 spear.
Casting: Sandblast (safe; 2% risk of failure)
Confirm with . or Enter, or press ? or * to list all spells.
Aiming: Sandblast (safe; 2% risk of failure)
Press: ? - help, Shift-Dir - straight line, f/p - gnoll bouda
Aim: a gnoll bouda, wielding a +0 spear, wearing a +0 leather armour and wearing a ring of ice (lightly wounded, 84% to hit)
The blast of sand hits the gnoll bouda but does no damage.
The gnoll bouda is lightly wounded.
The frilled lizard hisses angrily.
The gnoll bouda barks out a call to the hunt!
The gnolls pick up the pace!
The gnoll throws a stone.
The stone misses you.
You hear a shout!
Casting: Sandblast (safe; 2% risk of failure)
Confirm with . or Enter, or press ? or * to list all spells.
Aiming: Sandblast (safe; 2% risk of failure)
Press: ? - help, Shift-Dir - straight line, f/p - gnoll bouda
Aim: a gnoll bouda, wielding a +0 spear, wearing a +0 leather armour and wearing a ring of ice (lightly wounded, 84% to hit)
The blast of sand hits the gnoll bouda but does no damage.
The gnoll bouda is lightly wounded.
The gnoll bouda misses you.
A goblin comes into view. It is wielding a +0 club.
The gnoll bouda barks out a call to the hunt!
The gnoll picks up the pace!
The gnoll drinks a potion.
The gnoll seems to speed up.
The gnoll hits you with a +0 whip. The gnoll hits you with a +0 whip.
Your attacks no longer feel as feeble.
The gnoll throws a stone.
The stone barely misses you. The gnoll hits you with a +0 whip!
* * * LOW HITPOINT WARNING * * *
The gnoll bouda hits you from afar with a +0 spear!
You die...

# #.# #. g. #.# #. ##.#
##.####### #. #.... ....gg)..#
#. ......####.#.####.# #.
.....g....###.# #.# #.
.$...g####g#g.###.###########.
..... ##.#................(
##....#####g#@###.##)###.####.
#. #.......#g# #.##.###.####.
# ..####....# #.........g...
......##.# ####.###.####.
###### #.# #.# #.##.<. #.# #.#
#.##.## ..# #.# #...... ###
#.# ####.## #.# #.##


You could see a gnoll bouda and a gnoll (fast, swift).

Vanquished Creatures
  2 gnolls (D:3)
  2 adders (D:2)
  5 worms
  5 orcs (D:3)
  4 ball pythons
  4 endoplasms
  5 giant cockroaches
  4 goblins
  2 hobgoblins
  3 jackals (D:1)
  A kobold (D:1)
  A quokka (D:2)
  A bat (D:2)
  3 frilled lizards
  3 rats (D:2)
45 creatures vanquished.

Notes
Turn   | Place    | Note
-------+----------+-------------------------------------------
     0 | D:1      | tardwrangler69 the Octopode Earth Elementalist began the
                  | quest for the Orb.
     0 | D:1      | Reached XP level 1. HP: 11/11 MP: 3/3
   123 | D:1      | Reached XP level 2. HP: 13/17 MP: 0/5
   894 | D:2      | Reached XP level 3. HP: 21/21 MP: 4/6
  1559 | D:3      | Reached skill level 4 in Earth Magic
  1559 | D:3      | Reached XP level 4. HP: 27/27 MP: 4/8
  2411 | D:3      | Found a glowing golden altar of the Shining One.
  2421 | D:3      | Found a hazy altar of Hepliaklqana.
  2505 | D:3      | Mangled by a gnoll bouda

Illustrated notes

Levels and vault maps discovered:
D:1:      mrwooster_arrival_statue_3, layout_basic
D:2:      layout_loops_ring
D:3:      layout_loops_ring, worldfamousw_hep_ancestral_shrine,
          makhleb_altar_promises_db, tso_oasis_becter,
          hellmonk_ecumenical_altar_pennies_from_heaven

Skill      XL: |  1  2  3 |
---------------+----------+-----
Spellcasting   | 3 |  3.4
Earth Magic    | 4 |  4.3
Dodging        | |  2.0
Stealth        | |  2.6
Transmutations | |  1.0

Action                   |  1- 3 |  4- 6 || total
-------------------------+-------+-------++-------
Melee: Unarmed           |     4 |     5 ||     9
       Constrict         |     3 |     2 ||     5
       Tentacles         |     1 |     1 ||     2
 Cast: Sandblast         |    43 |    29 ||    72
 Stab: Sleeping          |     1 |       ||     1
Dodge: Dodged            |     8 |    15 ||    23
